 Dungeon Crawl Stone Soup version 0.26-a0-104-gef3e9dd61f (webtiles) character file.

Game seed: 3249552727344048635

43617 drasked the Severer (level 14, -12/121 HPs)
             Began as a Hill Orc Monk on June 22, 2020.
             Was the Champion of Beogh.
             Killed from afar by a tengu reaver (39 damage)
             ... with a bolt of magma
             ... on level 13 of the Dungeon.
             The game lasted 01:37:55 (21598 turns).

drasked the Severer (Hill Orc Monk)                Turns: 21598, Time: 01:37:56

Health: -12/121    AC: 29    Str: 19    XL:     14   Next: 25%
Magic:  14/14      EV:  9    Int: 10    God:    Beogh [******]
Gold:   2809       SH: 18    Dex: 16    Spells: 13/13 levels left

rFire    . . .     SeeInvis .   o - +0 broad axe (venom)
rCold    + . .     Gourm    .   a - +0 kite shield
rNeg     . . .     Faith    .   F - +1 chain mail {rC+} {rC+}
rPois    .         Spirit   .   p - +1 helmet
rElec    .         Reflect  +   v - +0 cloak
rCorr    .         Harm     .   s - +2 pair of gloves {Dex+3} {Dex+3}
MR       +....                  u - +0 pair of boots
Stlth    +.........             X - amulet of reflection
HPRegen  0.30/turn              S - ring of Robustness {AC+8}
MPRegen  0.14/turn              H - +4 ring of slaying

@: mighty, hasted, very quick
A: walk on water
a: Smiting, Recall Orcish Followers, Give Item to Named Follower, Resurrection,
Renounce Religion


You were on level 13 of the Dungeon.
You worshipped Beogh.
Beogh was exalted by your worship.
You were hungry.

You visited 2 branches of the dungeon, and saw 19 of its levels.
You also visited: Sewer.

You collected 2907 gold pieces.
You spent 98 gold pieces at shops.

Inventory:

Hand Weapons
 o - a +0 broad axe of venom (weapon)
   (You took it off a death knight on level 11 of the Dungeon)
Armour
 a - a +0 kite shield (worn)
   (You bought it in a shop on level 6 of the Dungeon)
 p - a +1 helmet (worn)
   (You found it on level 3 of the Dungeon)
 s - a +2 pair of gloves of dexterity (worn) {Dex+3}
   (You found it on level 1 of the Dungeon)
 u - a +0 pair of boots (worn)
   (You found it on level 5 of the Dungeon)
 v - a +0 cloak (worn)
   (You found it on level 3 of the Dungeon)
 F - a +1 chain mail of cold resistance (worn) {rC+}
   (You found it on level 11 of the Dungeon)
Jewellery
 C - an uncursed ring of resist corrosion
   (You found it on level 4 of the Dungeon)
 H - a +4 ring of slaying (right hand)
   (You found it on level 9 of the Dungeon)
 I - an uncursed ring of protection from cold {rC+, !d}
   (You found it on level 3 of the Dungeon)
 P - an uncursed ring of poison resistance {rPois, !d}
   (You found it on level 6 of the Lair of Beasts)
 R - an uncursed amulet of regeneration {+regen, !d}
   (You found it on level 2 of the Dungeon)
 S - the ring of Robustness (left hand) {AC+8}
   (You found it on level 11 of the Dungeon)

   [ring of protection]

   It affects your AC (+8).
 X - an amulet of reflection (around neck)
   (You found it on level 6 of the Lair of Beasts)
Wands
 D - a wand of digging (6)
   (You found it on level 6 of the Lair of Beasts)
 L - a wand of iceblast (5)
   (You found it on level 7 of the Dungeon)
 O - a wand of disintegration (13)
   (You found it on level 10 of the Dungeon)
Scrolls
 b - 3 scrolls of enchant weapon
 f - 3 scrolls of fog
 g - 3 scrolls of magic mapping {!r!r}
 i - a scroll of identify
 m - 3 scrolls of immolation {!r!r}
 t - 8 scrolls of teleportation
 w - 3 scrolls of remove curse
 y - 6 scrolls of amnesia
 B - 2 scrolls of blinking {!r!r}
 G - 4 scrolls of enchant armour
Potions
 c - 2 potions of magic
 d - 6 potions of might
 h - a potion of haste
 k - 2 potions of mutation {!q!q}
 l - 13 potions of heal wounds
 q - 9 potions of curing
 r - 3 potions of ambrosia
 x - 6 potions of brilliance
 z - 5 potions of stabbing
 A - 3 potions of flight
 E - 2 potions of invisibility
 K - a potion of lignification {unknown}
 Y - a potion of berserk rage {unknown}
Comestibles
 e - 33 rations


   Skills:
 - Level 10.0 Fighting
 - Level 18.0 Axes
 + Level 10.6 Armour
 - Level 2.4 Dodging
 - Level 9.0 Stealth
 + Level 12.9 Shields


You had 13 spell levels left.
You didn't know any spells.
Your spell library contained the following spells:

 Spells                   Type           Power        Failure   Level  Hunger
 Corona                   Hex            #......      98%         1    ##.....
 Corpse Rot               Necr/Air       N/A          99%         2    ###....
 Ensorcelled Hibernation  Hex/Ice        #.....       99%         2    ###....
 Sublimation of Blood     Necr           #.........   99%         2    ###....
 Confusing Touch          Hex            #.......     100%        3    ####...
 Dazzling Flash           Conj/Hex       #.....       100%        3    ####...
 Tukima's Dance           Hex            #.......     100%        3    ####...
 Dispel Undead            Necr           #.......     100%        4    #####..
 Agony                    Necr           #.......     100%        5    ######.
 Excruciating Wounds      Chrm/Necr      #.........   100%        5    ######.


Dungeon Overview and Level Annotations

Branches:
Dungeon (13/15)            Temple (0/1) D:5            Lair (6/6) D:10
  Swamp (0/4) Lair:3        Snake (0/4) Lair:3        Slime (0/5) Lair:5
    Orc (0/2) D:10         Vaults (0/5) D:13          Sewer (visited)

Altars:
Hepliaklqana
Jiyva

Shops:
D:5 :   D:6 *   D:7 [   D:12 %

Annotations:
D:8 Harold, Maggie, Maurice
D:13 Depuofia's ghost, journeyman GnWn; Kakhla Gyfiry's ghost, journeyman DrCj; Rinoucvo's ghost, journeyman DrCj; Voff's ghost, journeyman GnWn
Lair:4 1 runed translucent door, Quyjis's ghost, journeyman DDGl


Message History

You see here a +0 giant club.
You are feeling hungry.
You swap places.
You swap places.
There is an open door here.
You open the door.
There is an open door here.
You open the door.
Found a stone staircase leading down.
There is an open door here.
You travel at normal speed.
You pace your travel speed to your slowest ally.
You swap places.
You swap places.
You swap places.
You swap places.
You swap places.
You swap places.
There is an open door here.
There is an open door here.
There is an open door here.
There is an open door here.
There is an open door here.
You see here 2 large rocks {!d!d}.
Partly explored, unopened runed door.
You open the huge gate.
There is a huge open gate here.
You open the door.
There is an open door here.
You open the door.
A manticore, a queen bee, a vampire mosquito, a gargoyle, 6 player ghosts and 2 tengu reavers come into view.
A tengu reaver is wielding a +0 dire flail and wearing a +3 ring mail of fire resistance.
The gargoyle is wielding a +2 mace of protection.
The tengu reaver shouts! x2
Voff's ghost turns its malevolent gaze towards you. x2
Depuofia's ghost turns its malevolent gaze towards you.
Voff's ghost turns its malevolent gaze towards you.
You hear a bellow!
The queen bee buzzes angrily.
The tengu reaver gestures wildly while chanting.
The tengu reaver conjures a globe of magical energy!
A tengu reaver opens the door.
The skeletal warrior picks up 19 stones.
Voff's ghost mumbles some strange words.
The vampire mosquito moves out of view.
A catoblepas, an ettin, a skeletal warrior and a battlesphere come into view.
You slash the battlesphere! The tengu reaver casts a spell at you.
The bolt of magma hits you!! The bolt of magma hits your orc!!!
Your orc dies!
A tengu reaver opens the door.
Ugrim roars a battlecry!
Your orcs go into a battle-frenzy!
Kakhla Gyfiry's ghost (journeyman Grey Draconian Conjurer) comes into view.
Voff's ghost says, "I was once a great warrior, and I still am!"
A skeletal warrior opens the door.
You block Rinoucvo's ghost's attack. You block the tengu reaver's attack.
The tengu reaver pecks you but does no damage.
The tengu reaver claws you but does no damage.
There is an open door here.
You slash the tengu reaver! You slash Rinoucvo's ghost!
You closely miss the tengu reaver.
Kakhla Gyfiry's ghost opens the door.
You block Rinoucvo's ghost's attack.
Voff's ghost casts a spell.
The tengu reaver hits you with a +0 battleaxe!
The tengu reaver pecks you but does no damage.
The tengu reaver claws you!
You feel very mighty all of a sudden.
Something closely misses Kakhla Gyfiry's ghost.
A skeletal warrior opens the door.
Rinoucvo's ghost hits you but does no damage.
The tengu reaver hits you but does no damage.
You block the tengu reaver's attack. x2; An ettin opens the door.
You barely miss Rinoucvo's ghost. You slash the tengu reaver!
The tengu reaver is poisoned.
You miss the tengu reaver.
You hit Kakhla Gyfiry's ghost but do no damage.
You block the tengu reaver's attack. The tengu reaver closely misses you.
You block the tengu reaver's attack.
Something barely misses Kakhla Gyfiry's ghost.
Voff's ghost casts a spell.
Kakhla Gyfiry's ghost threatens, "Do not fail me, O fires of Iskenderun!"
Kakhla Gyfiry's ghost opens the door.
Rinoucvo's ghost hits you but does no damage.
Voff's ghost gestures wildly while chanting.
You block the tengu reaver's attack. x2
The tengu reaver claws you but does no damage.
The ettin hits your orc with a +0 dire flail!
Your orc dies!
You feel yourself speed up.
Kakhla Gyfiry's ghost casts a spell at you.
The magic dart hits you but does no damage.
You block the skeletal warrior's attack.
Voff's ghost casts a spell.
Rinoucvo's ghost barely misses you.
The tengu reaver points at you and mumbles some strange words.
The bolt of magma hits you!!!
* * * LOW HITPOINT WARNING * * *
The bolt of magma hits your orc!
The tengu reaver points at you and mumbles some strange words.
The bolt of magma hits you!!!
You die...

..##.....##...o###..^##(.....#...
..##.<...####'####...##...^..#...
.......................(.....#...
.....................##.....##...
...........^.........##(....##...
.........##....##o...[.......#...
.........'''''''oo)..........#...
..##.....'+++++Wooo..##......#...
..#######' +WQ@+'..##.....##...
.........' +Yy*QWC'..##..)..##...
.........' +bHWW'z'..#.o.....#...
.........' +9WWby+'..#...o.o.#...
........>' +bbbb++'..#.......#...
.........'


+++++ '..#.......#... ..##.....' '..##....o##... ..######.'''''' '####....o##...
...# #[.....# #......oo... You could see 2 tengu reavers, a catoblepas, an
ettin, a skeletal warrior, a manticore, a queen bee, a vampire mosquito, a
gargoyle, a battlesphere, Depuofia's ghost, 2 Kakhla Gyfiry's ghosts, Rinoucvo's
ghost, 3 Voff's ghosts, the friendly Norbak the orc warlord (strong), the
friendly Ugrim the orc knight, the friendly Marbaugh the orc priest (strong), a
friendly orc wizard (strong) and 2 friendly orcs.

Levels and vault maps discovered:
D:1:      dpeg_arrival_pond, layout_basic, minmay_distorted
D:2:      layout_rooms, old_standard_altar, first_ration, kennysheep_nub,
          nicolae_underground_beach, uniq_sigmund
D:3:      layout_rooms
D:4:      layout_gridville, portal_sewer_entry_e
D:5:      layout_loops_ring, minmay_temple_entry_sparse_star, serial_shops,
          nicolae_shop_statue_plus
D:6:      layout_basic, serial_shops, kennysheep_little_box
D:7:      layout_basic, serial_shops, shop
D:8:      layout_basic, uniq_maurice, uniq_psyche, uniq_grum, uniq_maggie,
          uniq_harold
D:9:      layout_irregular_city
D:10:     layout_gridville, david_lair_shrubbed, hiddenorc1_lemuel,
          hangedman_pestilent_swarm, nrook_guardian_serpent_ordinary
D:11:     layout_cross, minmay_diamond_spiral
D:12:     layout_grid_maze, serial_shops, shop_statue
D:13:     layout_gridville, grunt_vaults_entry_fortified,
          gammafunk_ghost_door_vault, ice2_lemuel
Lair:1:   layout_regular_city, nicolae_volcano_entry_s_turn,
          portal_ice_cave_entry_pillars_1, gauntlet_entry_generic,
          fungi_pond_lemuel, minmay_holes
Lair:2:   layout_regular_city
Lair:3:   layout_cave_shapes, minmay_swamp_entry_reptiles,
          minmay_snake_entry_guardpost_medium, nzn_random_ring,
          lemuel_fruit_fields, grunt_megastairs_2
Lair:4:   layout_cave_pods, special_room [special_room_mythical_zoo],
          ebering_ghost_funeral_grove
Lair:5:   layout_layer_cave, dpeg_slime_entry_enclosed_altar,
          serial_bayou_shore_b
Lair:6:   cheibrodos_lair_end_hotspot, layout_regular_city, wad_woods_road_05

Notes
Turn   | Place    | Note
-------+----------+-------------------------------------------
     0 | D:1      | drasked the Hill Orc Monk began the quest for the Orb.
     0 | D:1      | Reached XP level 1. HP: 19/19 MP: 1/1
   120 | D:1      | Identified a +0 club
   126 | D:1      | Reached XP level 2. HP: 27/27 MP: 2/2
   261 | D:1      | Identified a +0 dagger
   404 | D:1      | Identified a +0 short sword
   408 | D:1      | Identified a +0 dagger
   437 | D:1      | Identified a +0 club
   473 | D:1      | Reached skill level 1 in Armour
   564 | D:1      | Identified a +0 club
   568 | D:1      | Reached XP level 3. HP: 32/33 MP: 3/3
   577 | D:1      | Reached skill level 4 in Fighting
   759 | D:1      | Reached skill level 2 in Stealth
   885 | D:1      | Identified a +2 pair of gloves of dexterity (You found it
                  | on level 1 of the Dungeon)
   895 | D:1      | Identified a +0 scale mail (You found it on level 1 of the
                  | Dungeon)
  1067 | D:2      | Reached skill level 5 in Axes
  1329 | D:2      | Reached XP level 4. HP: 40/40 MP: 4/4
  1349 | D:2      | Identified a +0 club
  1393 | D:2      | Identified a +0 club
  1481 | D:2      | Found a hazy altar of Hepliaklqana.
  1627 | D:2      | Identified a +0 scythe
  1627 | D:2      | Identified a +0 robe
  1627 | D:2      | Noticed Sigmund
  1654 | D:2      | Killed Sigmund
  1654 | D:2      | Reached skill level 6 in Axes
  1654 | D:2      | Reached skill level 2 in Armour
  1654 | D:2      | Reached XP level 5. HP: 25/47 MP: 5/5
  1654 | D:2      | Reached XP level 6. HP: 30/55 MP: 6/6
  1687 | D:2      | Identified a +0 plate armour (You found it on level 2 of
                  | the Dungeon)
  1832 | D:2      | Identified a +0 dagger
  1949 | D:2      | Identified a +0 club
  1949 | D:2      | Identified a cursed +0 hunting sling
  2106 | D:3      | Identified a +0 cloak (You found it on level 3 of the
                  | Dungeon)
  2131 | D:3      | Identified a +0 helmet (You found it on level 3 of the
                  | Dungeon)
  2177 | D:3      | Identified a +0 club
  2503 | D:3      | Identified a ring of protection from cold (You found it on
                  | level 3 of the Dungeon)
  2504 | D:3      | Identified an amulet of regeneration (You found it on level
                  | 2 of the Dungeon)
  2523 | D:4      | Identified 2 scrolls of enchant armour
  2524 | D:4      | Identified 2 scrolls of teleportation
  2583 | D:4      | Reached skill level 5 in Fighting
  2716 | D:4      | Reached skill level 3 in Stealth
  2792 | D:4      | Reached skill level 3 in Armour
  2846 | D:4      | Identified a +0 hand axe
  2846 | D:4      | Identified a +0 short sword
  2900 | D:4      | Identified a +0 whip
  2900 | D:4      | Identified a +0 spear
  2901 | D:4      | Identified a +0 halberd
  2912 | D:4      | Reached skill level 7 in Axes
  2922 | D:4      | Reached XP level 7. HP: 35/61 MP: 7/7
  3142 | D:4      | Found a glowing drain.
  3152 | Sewer    | Entered a sewer
  3215 | Sewer    | Identified a +0 club
  3215 | Sewer    | Identified a +0 short sword
  3308 | Sewer    | Identified a +0 dagger of venom
  3308 | Sewer    | Identified a +0 club
  3308 | Sewer    | Identified a +0 dagger
  3424 | Sewer    | Reached skill level 8 in Axes
  3445 | Sewer    | Identified a +0 dagger
  3445 | Sewer    | Identified a +0 short sword
  3445 | Sewer    | Identified a cursed -2 dagger
  3445 | Sewer    | Identified a cursed +0 dagger
  3457 | Sewer    | HP: 15/62 [poisoned by kobold (curare-tipped dart)]
  3462 | Sewer    | HP: 9/62 [poisoned by kobold (curare-tipped dart)]
  3467 | Sewer    | HP: 10/62 [poisoned by kobold (curare-tipped dart)]
  3472 | Sewer    | HP: 11/62 [poisoned by kobold (curare-tipped dart)]
  3477 | Sewer    | HP: 14/62 [poisoned by kobold (curare-tipped dart)]
  3665 | Sewer    | Identified a +0 club
  3665 | Sewer    | Identified a +0 whip
  3665 | Sewer    | Identified a +0 dagger
  3684 | Sewer    | Reached skill level 4 in Armour
  3684 | Sewer    | Reached XP level 8. HP: 62/70 MP: 8/8
  4021 | D:4      | Identified a +0 dagger
  4021 | D:4      | Identified a +0 giant spiked club
  4039 | D:4      | Reached skill level 6 in Fighting
  4142 | D:5      | Entered Level 5 of the Dungeon
  4155 | D:5      | Identified a ring of resist corrosion (You found it on
                  | level 4 of the Dungeon)
  4258 | D:5      | Reached skill level 4 in Stealth
  4382 | D:5      | Identified a +0 falchion
  4382 | D:5      | Identified a +0 trident
  4382 | D:5      | Identified a +0 hand axe
  4383 | D:5      | Became a worshipper of Beogh the Brigand
  4383 | D:5      | Reached * piety under Beogh
  4383 | D:5      | Reached ** piety under Beogh
  4566 | D:5      | Found Poonkyak's Book Emporium.
  4578 | D:5      | Reached skill level 9 in Axes
  4675 | D:5      | Found a staircase to the Ecumenical Temple.
  4933 | D:5      | Identified a +0 pair of boots (You found it on level 5 of
                  | the Dungeon)
  5361 | D:6      | Identified a +3 great sword
  5361 | D:6      | Identified a cursed -1 robe
  5361 | D:6      | Identified a cursed +3 spear
  5361 | D:6      | Identified a +0 robe
  5372 | D:6      | Reached skill level 5 in Armour
  5373 | D:6      | Identified a +0 long sword
  5373 | D:6      | Identified a +0 robe
  5704 | D:6      | Identified a +0 long sword
  5704 | D:6      | Identified a +0 robe
  5704 | D:6      | Identified a +3 falchion
  5704 | D:6      | Identified a +0 robe
  5704 | D:6      | Identified a +0 spear
  5704 | D:6      | Identified a +0 robe
  5713 | D:6      | Identified a +0 war axe
  5713 | D:6      | Identified a +0 robe
  5849 | D:6      | Reached skill level 7 in Fighting
  5849 | D:6      | Reached skill level 10 in Axes
  5849 | D:6      | Reached XP level 9. HP: 67/79 MP: 9/9
  5948 | D:6      | Found Narreasch's General Store.
  5954 | D:6      | Identified a ring of stealth (You found it on level 6 of
                  | the Dungeon)
  5958 | D:6      | Bought a +0 kite shield for 49 gold pieces
  5958 | D:6      | Bought a +0 chain mail for 49 gold pieces
  6054 | D:7      | Identified a +0 giant club
  6158 | D:7      | Identified a +0 dagger
  6176 | D:7      | Identified a +2 vampiric short sword
  6180 | D:7      | Identified a +0 dagger
  6182 | D:7      | Identified a +0 dagger of venom
  6182 | D:7      | Identified a +0 robe
  6183 | D:7      | Identified a +0 short sword
  6191 | D:7      | Identified a cursed +0 whip
  6191 | D:7      | Identified a +0 leather armour
  6191 | D:7      | Identified a +0 club
  6370 | D:7      | Identified a +0 hand axe
  6373 | D:7      | Identified a +0 dagger
  6381 | D:7      | Reached skill level 1 in Shields
  6438 | D:7      | Reached skill level 5 in Stealth
  6470 | D:7      | Identified a +5 halberd
  6482 | D:7      | Identified a +0 spear
  6488 | D:7      | Identified a +0 club
  6501 | D:7      | Reached *** piety under Beogh
  6522 | D:7      | Found Fuemuent's Armour Boutique.
  6796 | D:7      | Identified a +0 hand axe
  6839 | D:7      | Identified a +0 giant spiked club
  6849 | D:7      | Reached skill level 2 in Shields
  6964 | D:7      | Identified a +0 dagger
  6964 | D:7      | Identified a +0 robe
  6966 | D:7      | Identified a +0 leather armour
  6967 | D:7      | Identified a +0 flail
  6967 | D:7      | Identified a +0 leather armour
  6968 | D:7      | Identified a +0 short sword of venom
  6968 | D:7      | Identified a +0 chain mail
  6990 | D:7      | Identified 11 potions of heal wounds
  6997 | D:7      | HP: 16/79 [sky beast (5)]
  6998 | D:7      | Identified 5 potions of curing
  7008 | D:7      | Reached skill level 11 in Axes
  7011 | D:7      | Reached skill level 6 in Armour
  7514 | D:8      | Identified a +0 dagger of chaos
  7514 | D:8      | Identified a +0 robe
  7514 | D:8      | Noticed Psyche
  7540 | D:8      | Killed Psyche
  7540 | D:8      | Reached skill level 3 in Shields
  7779 | D:8      | Reached skill level 8 in Fighting
  7779 | D:8      | Reached XP level 10. HP: 88/88 MP: 10/10
  7901 | D:8      | Identified a +1 glaive
  7901 | D:8      | Identified a +0 animal skin
  7901 | D:8      | Noticed Grum
  7923 | D:8      | HP: 14/88 [Grum/+1 glaive (15)]
  7924 | D:8      | Killed Grum
  7950 | D:8      | Reached skill level 12 in Axes
  7965 | D:8      | HP: 20/88 [wolf[Grum] (6)]
  8015 | D:8      | Identified a +2 scimitar of holy wrath
  8015 | D:8      | Identified +0 acid dragon scales
  8015 | D:8      | Noticed Maggie
  8073 | D:8      | Identified 3 scrolls of remove curse
  8074 | D:8      | Identified 3 scrolls of identify
  8074 | D:8      | Identified 4 potions of stabbing
  8075 | D:8      | Identified 3 scrolls of enchant weapon
  8076 | D:8      | Identified 2 scrolls of magic mapping
  8077 | D:8      | Identified 2 scrolls of immolation
  8078 | D:8      | Identified 4 potions of might
  8079 | D:8      | Identified 3 potions of degeneration
  8138 | D:8      | Identified a +0 hand axe
  8138 | D:8      | Identified a +0 scale mail
  8138 | D:8      | Noticed Harold
  8225 | D:8      | Identified a +0 dagger
  8225 | D:8      | Identified a +0 robe
  8279 | D:8      | Identified a +0 short sword of speed
  8279 | D:8      | Identified a +0 cloak
  8279 | D:8      | Noticed Maurice
  8392 | D:9      | Identified a +0 troll leather armour
  8466 | D:9      | Reached skill level 4 in Shields
  8521 | D:9      | Reached skill level 6 in Stealth
  9189 | D:10     | Entered Level 10 of the Dungeon
  9191 | D:10     | Identified a +0 shortbow
  9213 | D:9      | Identified a ring of slaying (You found it on level 9 of
                  | the Dungeon)
  9215 | D:9      | Identified a ring of teleportation (You found it on level
                  | 10 of the Dungeon)
  9220 | D:9      | Identified 2 scrolls of fog
  9257 | D:10     | Noticed a guardian serpent
  9274 | D:10     | Identified a cursed -3 flail
  9296 | D:10     | Identified a +0 leather armour
  9296 | D:10     | Identified a +0 flail
  9296 | D:10     | Identified a +0 club
  9296 | D:10     | Identified a +0 dagger
  9296 | D:10     | Identified a +0 robe
  9297 | D:10     | Identified a +0 dagger
  9300 | D:10     | Identified a +0 dagger
  9300 | D:10     | Identified a +0 leather armour
  9300 | D:10     | Identified a +0 whip
  9300 | D:10     | Identified a +0 club
  9305 | D:10     | Identified a +0 dagger
  9305 | D:10     | Identified a +0 short sword
  9306 | D:10     | Identified a +0 whip
  9308 | D:10     | Identified a +0 mace
  9310 | D:10     | Identified a +0 ring mail
  9311 | D:10     | Identified a +0 dagger
  9311 | D:10     | Identified a +0 robe
  9312 | D:10     | Identified a +0 mace
  9312 | D:10     | Identified a +0 leather armour
  9312 | D:10     | Identified a +0 club
  9312 | D:10     | Identified a cursed +0 chain mail
  9313 | D:10     | Identified a +0 hand axe
  9313 | D:10     | Identified a +0 leather armour
  9314 | D:10     | Identified a +0 hand axe
  9314 | D:10     | Identified a +0 chain mail
  9315 | D:10     | Gained Ortolf as an ally
  9319 | D:10     | Reached skill level 9 in Fighting
  9320 | D:10     | Your ally Ortolf died
  9323 | D:10     | Identified a +0 mace
  9323 | D:10     | Identified a cursed +0 leather armour
  9371 | D:10     | Identified a +0 trident
  9371 | D:10     | Identified a +0 ring mail
  9418 | D:10     | Found a staircase to the Orcish Mines.
  9460 | D:10     | Identified a +0 giant club
  9473 | D:10     | Reached **** piety under Beogh
  9473 | D:10     | Reached skill level 13 in Axes
  9473 | D:10     | Reached skill level 5 in Shields
  9709 | D:10     | Reached XP level 11. HP: 97/97 MP: 11/11
  9719 | D:10     | Found a staircase to the Lair.
  9781 | D:10     | Identified a +0 giant club
  9781 | D:10     | Identified a +0 giant club
  9781 | D:10     | Noticed a two-headed ogre
  9786 | D:10     | HP: 19/97 [two-headed ogre/+0 giant club (19)]
  9786 | D:10     | Killed a two-headed ogre
  9923 | D:10     | Identified a cursed -1 giant spiked club
 10133 | D:10     | Identified a ring of evasion (You found it on level 10 of
                  | the Dungeon)
 10138 | D:10     | Identified 2 scrolls of blinking
 10139 | D:10     | Identified 3 potions of brilliance
 10140 | D:10     | Identified 2 potions of ambrosia
 10141 | D:10     | Identified 2 potions of magic
 10221 | D:11     | Identified a +0 short sword
 10221 | D:11     | Identified a +0 whip
 10221 | D:11     | Identified a +0 whip
 10221 | D:11     | Identified a +0 short sword
 10226 | D:11     | Reached skill level 7 in Stealth
 10325 | D:11     | Identified a +0 spear
 10329 | D:11     | Identified a +0 halberd
 10376 | D:11     | Identified a +0 giant club
 10389 | D:11     | Identified a +0 giant spiked club
 10389 | D:11     | Identified a +0 dire flail
 10389 | D:11     | Noticed a two-headed ogre
 10396 | D:11     | Killed a two-headed ogre
 10396 | D:11     | Reached skill level 6 in Shields
 10530 | D:11     | Noticed a manticore
 10543 | D:11     | Killed a manticore
 10543 | D:11     | Reached skill level 14 in Axes
 10566 | D:11     | Noticed a red ugly thing
 10571 | D:11     | Noticed a four-headed hydra
 10572 | D:11     | Killed a red ugly thing
 10581 | D:11     | Killed an eight-headed hydra
 10581 | D:11     | Reached skill level 10 in Fighting
 10589 | D:11     | Killed an unseen horror
 10811 | D:11     | Identified a +1 chain mail of cold resistance (You found it
                  | on level 11 of the Dungeon)
 10961 | D:11     | Identified a +0 broad axe
 10961 | D:11     | Identified a +0 chain mail
 10961 | D:11     | Noticed a death knight
 10963 | D:11     | Identified a +0 longbow
 10963 | D:11     | Noticed a centaur warrior
 10970 | D:11     | Killed a death knight
 10970 | D:11     | Gained Norbak as an ally
 10978 | D:11     | Killed a centaur warrior
 11101 | D:11     | Found the ring of Robustness {AC+8}
 11102 | D:11     | Noticed a cyclops
 11110 | D:11     | Killed a cyclops
 11118 | D:11     | Killed an unseen horror
 11118 | D:11     | Reached skill level 7 in Shields
 11187 | D:11     | Identified a +0 club
 11191 | D:11     | Identified a +0 dagger
 11191 | D:11     | Identified a +0 robe
 11287 | D:12     | Identified a +0 club
 11287 | D:12     | Identified a +0 ring mail
 11287 | D:12     | Identified a +0 war axe
 11289 | D:12     | Identified a +0 long sword
 11289 | D:12     | Identified a +0 plate armour
 11291 | D:12     | Noticed a manticore
 11298 | D:12     | Reached skill level 15 in Axes
 11301 | D:12     | Killed a manticore
 11431 | D:12     | Identified a +0 club
 11431 | D:12     | Identified a +0 leather armour
 11431 | D:12     | Identified a +0 hand axe
 11431 | D:12     | Identified a +0 leather armour
 11451 | D:12     | Reached ***** piety under Beogh
 11505 | D:12     | Identified a +0 flail
 11505 | D:12     | Identified a cursed -2 dagger
 11505 | D:12     | Identified a +0 robe
 11505 | D:12     | Identified a +0 dagger
 11505 | D:12     | Identified a +0 scale mail
 11506 | D:12     | Identified a +0 dagger
 11506 | D:12     | Identified a +0 robe
 11768 | D:12     | Reached skill level 8 in Stealth
 11768 | D:12     | Reached XP level 12. HP: 105/106 MP: 12/12
 12158 | D:12     | Found Wutrystrabra's Food Shop.
 12519 | Lair:1   | Entered Level 1 of the Lair of Beasts
 12535 | Lair:1   | Found a gate leading to a gauntlet.
 12642 | Lair:1   | Found a frozen archway.
 13094 | Lair:1   | Found a dark tunnel.
 13217 | Lair:2   | Noticed a five-headed hydra
 13226 | Lair:2   | Killed a nine-headed hydra
 13556 | Lair:2   | Reached skill level 8 in Shields
 13564 | Lair:2   | Identified 2 scrolls of amnesia
 13713 | Lair:2   | Identified a +0 arbalest
 13898 | Lair:2   | Reached skill level 16 in Axes
 14144 | Lair:3   | Found a staircase to the Snake Pit.
 14144 | Lair:3   | Identified a +5 mace
 14144 | Lair:3   | Identified a cursed -1 short sword
 14144 | Lair:3   | Identified a +0 long sword
 14144 | Lair:3   | Identified a cursed +0 hand axe
 14144 | Lair:3   | Identified a +0 robe
 14145 | Lair:3   | Identified a +0 glaive
 14145 | Lair:3   | Identified a +0 dire flail
 14456 | Lair:3   | Found a staircase to the Swamp.
 14558 | Lair:3   | Noticed an eight-headed hydra
 14563 | Lair:3   | Killed a ten-headed hydra
 14677 | Lair:3   | Identified a +0 flail
 14746 | Lair:3   | Reached skill level 9 in Stealth
 14748 | Lair:3   | Reached skill level 9 in Shields
 15444 | Lair:4   | Identified 2 scrolls of random uselessness
 15452 | Lair:4   | Reached skill level 17 in Axes
 15507 | Lair:4   | Found a runed translucent door.
 15509 | Lair:4   | Identified the +6 trident "Thing" {vorpal, *Drain rElec
                  | rPois Dex-2}
 15509 | Lair:4   | Noticed a spriggan rider
 15509 | Lair:4   | Noticed Quyjis's ghost (journeyman DDGl)
 15512 | Lair:4   | Identified a +0 trident
 15848 | Lair:4   | Noticed a six-headed hydra
 15856 | Lair:4   | Killed a six-headed hydra
 15856 | Lair:4   | Gained Ugrim as an ally
 16041 | Lair:4   | Noticed a six-headed hydra
 16068 | Lair:4   | Killed a six-headed hydra
 16068 | Lair:4   | Reached XP level 13. HP: 87/113 MP: 13/13
 16106 | Lair:4   | Reached skill level 18 in Axes
 16110 | Lair:4   | Reached skill level 10 in Shields
 16238 | Lair:4   | Got a dazzling rapier
 16242 | Lair:4   | Identified the +2 rapier of Patience {vorpal, Int+2 Stlth+}
                  | (You found it on level 4 of the Lair of Beasts)
 16398 | Lair:4   | Identified a +0 spear
 16398 | Lair:4   | Identified a +4 ring of protection
 16554 | Lair:4   | Identified an uncursed ring of see invisible
 16670 | Lair:5   | Identified 3 potions of flight
 16671 | Lair:5   | Identified 2 potions of invisibility
 16985 | Lair:5   | Found a viscous altar of Jiyva.
 16985 | Lair:5   | Found a staircase to the Slime Pits.
 17910 | Lair:6   | Entered Level 6 of the Lair of Beasts
 17946 | Lair:6   | Reached skill level 7 in Armour
 17956 | Lair:6   | Reached ****** piety under Beogh
 18153 | Lair:6   | Reached skill level 11 in Shields
 18415 | Lair:6   | Reached skill level 8 in Armour
 18562 | Lair:6   | Identified a scroll of fear
 18563 | Lair:6   | Identified a scroll of holy word
 18564 | Lair:6   | Identified a scroll of noise
 18565 | Lair:6   | Identified a scroll of torment
 18566 | Lair:6   | Identified a scroll of brand weapon
 18567 | Lair:6   | Identified a scroll of vulnerability
 18964 | Lair:6   | Identified a ring of poison resistance (You found it on
                  | level 6 of the Lair of Beasts)
 18968 | Lair:6   | Identified an amulet of reflection (You found it on level 6
                  | of the Lair of Beasts)
 19155 | Lair:6   | Found a large runed translucent door.
 19183 | Lair:6   | Found a large runed translucent door.
 19186 | Lair:6   | Identified a +0 flail
 19191 | Lair:6   | Identified a +0 flail
 19203 | Lair:6   | Reached skill level 9 in Armour
 19380 | Lair:6   | Noticed a fire dragon
 19768 | Lair:6   | Killed a fire dragon
 19797 | Lair:6   | Identified a scroll of acquirement
 19811 | Lair:6   | Identified 2 potions of haste
 19812 | Lair:6   | Identified 2 potions of mutation
 20168 | D:13     | Identified a +0 giant club
 20168 | D:13     | Identified a +0 giant club
 20172 | D:13     | Identified a +0 leather armour
 20176 | D:13     | Identified a +0 flail
 20176 | D:13     | Identified a +0 plate armour of fire resistance
 20176 | D:13     | Identified a +0 club
 20176 | D:13     | Identified a +0 war axe
 20177 | D:13     | Identified a +0 dagger
 20177 | D:13     | Identified a +0 robe
 20196 | D:13     | Identified a +0 giant club
 20196 | D:13     | Identified a cursed -2 giant club
 20200 | D:13     | Identified a +0 mace
 20200 | D:13     | Identified a +1 great sword
 20200 | D:13     | Identified a +1 arbalest of flaming
 20200 | D:13     | Identified a +0 chain mail
 20209 | D:13     | Reached skill level 12 in Shields
 20210 | D:13     | Identified a +0 long sword
 20210 | D:13     | Identified a +0 chain mail
 20210 | D:13     | Identified a +0 kite shield
 20210 | D:13     | Noticed a vault guard
 20211 | D:13     | Identified a +2 arbalest of freezing
 20216 | D:13     | Identified a +0 arbalest
 20216 | D:13     | Identified a +3 dire flail
 20216 | D:13     | Identified a +0 plate armour
 20216 | D:13     | Noticed a vault guard
 20217 | D:13     | Identified a cursed +0 dagger
 20217 | D:13     | Identified a +0 robe
 20218 | D:13     | Identified a cursed -2 dagger
 20218 | D:13     | Identified a +0 robe
 20219 | D:13     | Identified a +0 arbalest
 20219 | D:13     | Gained Warbeogh as an ally
 20233 | D:13     | Killed a vault guard
 20237 | D:13     | Reached XP level 14. HP: 96/121 MP: 14/14
 20353 | D:13     | Found a gate to the Vaults.
 20353 | D:13     | Identified a +0 battleaxe
 20353 | D:13     | Identified a +0 chain mail
 20353 | D:13     | Identified a +0 great sword
 20353 | D:13     | Identified a +0 chain mail
 20361 | D:13     | Your ally Warbeogh died
 20361 | D:13     | Reached skill level 10 in Armour
 20552 | D:13     | Identified a +0 giant club
 20574 | D:13     | Identified a +0 battleaxe
 20574 | D:13     | Identified a +0 robe
 20600 | D:13     | Identified a cursed -3 giant club
 20608 | D:13     | Found a huge runed gate.
 20609 | D:13     | Found a huge runed gate.
 20609 | D:13     | Found a huge runed gate.
 20610 | D:13     | Found a huge runed gate.
 20610 | D:13     | Found a huge runed gate.
 20610 | D:13     | Found a huge runed gate.
 20611 | D:13     | Found a huge runed gate.
 20836 | D:13     | Identified a cursed +4 long sword
 20836 | D:13     | Identified a +0 scale mail
 20854 | D:13     | Identified a +0 spear
 20854 | D:13     | Identified a cursed +0 robe
 20855 | D:13     | Identified a cursed +0 great sword
 20855 | D:13     | Identified a +0 robe
 20864 | D:13     | Gained Marbaugh as an ally
 20952 | D:13     | Found a huge runed gate.
 20952 | D:13     | Found a huge runed gate.
 20952 | D:13     | Found a huge runed gate.
 20952 | D:13     | Found a huge runed gate.
 20954 | D:13     | Found a huge runed gate.
 20955 | D:13     | Found a huge runed gate.
 20966 | D:13     | Found a huge runed gate.
 20966 | D:13     | Found a huge runed gate.
 20966 | D:13     | Found a huge runed gate.
 20966 | D:13     | Found a huge runed gate.
 20966 | D:13     | Found a huge runed gate.
 20966 | D:13     | Found a huge runed gate.
 20966 | D:13     | Found a huge runed gate.
 20979 | D:13     | Found a huge runed gate.
 20979 | D:13     | Found a huge runed gate.
 20979 | D:13     | Found a huge runed gate.
 20979 | D:13     | Found a huge runed gate.
 20979 | D:13     | Found a huge runed gate.
 21015 | D:13     | Identified a +0 mace
 21015 | D:13     | Identified a +0 leather armour
 21015 | D:13     | Identified a +0 scale mail
 21016 | D:13     | Identified a +0 dagger
 21016 | D:13     | Identified a cursed +0 leather armour
 21017 | D:13     | Identified a +0 whip
 21373 | D:13     | Found a huge runed gate.
 21375 | D:13     | Found a huge runed gate.
 21376 | D:13     | Found a huge runed gate.
 21391 | D:13     | Found a huge runed gate.
 21391 | D:13     | Found a huge runed gate.
 21391 | D:13     | Found a huge runed gate.
 21392 | D:13     | Found a huge runed gate.
 21396 | D:13     | Found a huge runed gate.
 21592 | D:13     | Identified a +0 dire flail
 21592 | D:13     | Identified a +3 ring mail of fire resistance
 21592 | D:13     | Noticed a tengu reaver
 21592 | D:13     | Identified a +0 battleaxe
 21592 | D:13     | Identified a +0 ring mail
 21592 | D:13     | Noticed a tengu reaver
 21592 | D:13     | Noticed Voff's ghost (journeyman GnWn)
 21592 | D:13     | Noticed Voff's ghost (journeyman GnWn)
 21592 | D:13     | Noticed Rinoucvo's ghost (journeyman DrCj)
 21592 | D:13     | Noticed Depuofia's ghost (journeyman GnWn)
 21592 | D:13     | Noticed Voff's ghost (journeyman GnWn)
 21592 | D:13     | Identified a +2 mace of protection
 21592 | D:13     | Noticed Kakhla Gyfiry's ghost (journeyman DrCj)
 21593 | D:13     | Identified a +0 halberd
 21593 | D:13     | Identified a +0 dire flail
 21593 | D:13     | Identified a +0 dire flail
 21594 | D:13     | Noticed Kakhla Gyfiry's ghost (journeyman DrCj)
 21598 | D:13     | HP: 27/121 [tengu reaver/bolt of magma (60)]
 21598 | D:13     | Killed from afar by a tengu reaver

Table legend:
 A = Turns spent in this place as a percentage of turns spent in the entire game.
 B = Non-inter-level travel turns spent in this place as a percentage of non-inter-level travel turns spent in the entire game.
 C = Inter-level travel turns spent in this place as a percentage of turns spent in this place.
 D = Turns resting spent in this place as a percentage of non-inter-level travel turns spent in this place.
 E = Turns spent auto-exploring this place as a percentage of non-inter-level travel turns spent in this place.
 F = Non-inter-level travel turns spent in this place divided by the number of levels of this place that you've seen.
                   A       B       C       D       E      F
               +-------+-------+-------+-------+-------+----------------------
         Total | 100.0 | 100.0 |   5.5 |  16.4 |  52.9 | 1020.8
       Dungeon |  61.8 |  61.2 |   6.5 |  16.8 |  50.7 | 960.6
          Lair |  34.8 |  35.3 |   4.2 |  15.5 |  57.3 | 1200.7
         Sewer |   3.4 |   3.6 |   0.0 |  17.2 |  47.7 | 725.0
               +-------+-------+-------+-------+-------+----------------------

Table legend:
 A = Kills in this place as a percentage of kills in entire the game.
 B = Kills by you in this place as a percentage of kills by you in the entire game.
 C = Kills by friends in this place as a percentage of kills by friends in the entire game.
 D = Other kills in this place as a percentage of other kills in the entire game.
 E = Experience gained in this place as a percentage of experience gained in the entire game.
 F = Experience gained in this place divided by the number of levels of this place that you have seen.
                   A       B       C       D       E      F
               +-------+-------+-------+-------+-------+----------------------
         Total | 100.0 | 100.0 | 100.0 |   N/A | 100.0 | 3115.6
       Dungeon |  58.4 |  73.3 |  37.2 |   N/A |  49.6 | 2376.8
          Lair |  32.7 |  11.6 |  62.8 |   N/A |  49.6 | 5153.5
         Sewer |   8.9 |  15.1 |   0.0 |   N/A |   0.8 | 491.0
               +-------+-------+-------+-------+-------+----------------------

Skill      XL: |  1  2  3  4  5  6  7  8  9 10 11 12 13 14 |
---------------+-------------------------------------------+-----
Armour         | 1 2 3 4 5 6 9 10 | 10.6
Fighting       | 4 5 7 8 9 10 | 10.0
Stealth        | 2 3 4 5 6 8 9 |  9.0
Axes           | 5 6 7 8 10 11 13 15 17 18 | 18.0
Shields        | 3 5 7 9 12 | 12.9
Dodging        | |  2.4

Action                   |  1- 3 |  4- 6 |  7- 9 | 10-12 | 13-15 || total
-------------------------+-------+-------+-------+-------+-------++-------
Melee: Hand axe          |    73 |   179 |   450 |       |       ||   702
       War axe           |       |       |   227 |   233 |       ||   460
       Broad axe         |       |       |       |   128 |   172 ||   300
Throw: Stone             |    13 |    18 |       |       |       ||    31
       Javelin           |    37 |    11 |       |       |       ||    48
       Dart              |       |    27 |    50 |    69 |       ||   146
       Boomerang         |       |       |    89 |       |       ||    89
       Throwing net      |       |       |       |     1 |       ||     1
Invok: Convert to Beogh  |       |       |     1 |       |       ||     1
       Recall Orcish Fol |       |       |       |     2 |       ||     2
       Stop Recall       |       |       |       |     2 |       ||     2
Evoke: Wand              |       |       |     3 |     7 |       ||    10
  Use: Scroll            |       |     2 |       |    19 |    12 ||    33
       Potion            |       |       |     3 |     2 |     3 ||     8
 Stab: Distracted        |       |       |       |     5 |       ||     5
       Held in net/web   |       |       |       |     2 |       ||     2
       Sleeping          |       |       |       |     1 |       ||     1
  Eat: Chunk             |     1 |     5 |    13 |    22 |     9 ||    50
       Ration            |       |       |     1 |     2 |     2 ||     5
Armor: Robe              |     7 |       |       |       |       ||     7
       Scale mail        |     5 |    35 |       |       |       ||    40
       Plate armour      |       |    87 |   428 |   158 |       ||   673
       Chain mail        |       |       |       |   190 |   190 ||   380
Dodge: Dodged            |    44 |    73 |   123 |   103 |    80 ||   423
Block: Kite shield       |       |       |    87 |   290 |   224 ||   601
       Reflection        |       |       |       |       |    11 ||    11

Vanquished Creatures
  2 vault guards (D:13)
  2 death yaks (Lair:6)
  An unseen horror (D:11)
  A wizard (D:13)
  A cyclops (D:13)
  A centaur zombie (D:12)
  Psyche (D:8)
  An ice statue (D:13)
  2 black mambas
  2 molten gargoyles (Lair:6)
  A spiny frog (Lair:3)
  A komodo dragon (D:12)
  4 rime drakes
  2 yaktaurs (D:13)
  An ice devil (D:13)
  2 trolls (D:9)
  3 slime creatures (D:12)
  3 hippogriffs
  4 dream sheep (Lair:6)
  Sigmund (D:2)
  10 yaks
  3 wyverns
  2 basilisks (Lair:4)
  2 steam dragons (Lair:6)
  Grum (D:8)
  2 hungry ghosts (D:12)
  2 nagas (Lair:3)
  3 soldier ants
  A hell hound (Lair:6)
  2 porcupines
  2 black bears
  An orc warrior (D:12)
  4 sky beasts
  2 ice beasts
  4 wolves (D:8)
  3 ogres
  A centaur (D:10)
  A crocodile (Lair:2)
  4 big kobolds
  8 bullfrogs
  A scorpion (D:4)
  8 wights
  3 killer bees (D:12)
  2 jellies
  3 lava snakes (Lair:6)
  2 crimson imps
  2 quasits
  2 bullfrog zombies
  3 hounds
  An orc priest (D:7)
  A gnoll shaman (D:7)
  7 iguanas
  A centaur skeleton (D:4)
  5 orc wizards
  7 worker ants
  2 hound zombies
  A hound skeleton (D:12)
  A worker ant zombie (D:5)
  2 howler monkey skeletons
  11 adders
  10 gnolls
  12 river rats
  2 shadow imps
  A white imp (D:13)
  2 oozes
  2 worms
  2 adder skeletons (D:4)
  4 dart slugs
  4 leopard geckos
  9 orcs
  9 ball pythons
  6 giant cockroaches
  12 goblins
  7 hobgoblins
  14 jackals
  25 kobolds
  3 quokkas
  8 bats
  6 frilled lizards
  21 rats
  A plant (Lair:6)
319 creatures vanquished.

Vanquished Creatures (collateral kills)
  A fire dragon (Lair:6)
  8 hydras
  2 vault guards (D:13)
  A centaur warrior (D:11)
  A death knight (D:11)
  4 two-headed ogres
  3 death yaks (Lair:6)
  An unseen horror (D:11)
  A wizard (D:13)
  A lindwurm (Lair:6)
  An orc knight (D:13)
  An ugly thing (D:11)
  3 cyclopes
  2 manticores
  A guardian serpent (D:10)
  3 black mambas
  11 spiny frogs
  A gargoyle (D:13)
  9 rime drakes (Lair:4)
  2 centaur skeletons (D:13)
  15 komodo dragons
  A troll (D:13)
  2 polar bears (D:13)
  2 meliai zombies
  6 dream sheep
  8 hippogriffs
  17 yaks
  A wraith (D:13)
  8 wyverns
  5 basilisks
  A hungry ghost (D:13)
  A steam dragon (Lair:6)
  5 nagas (Lair:3)
  A soldier ant (D:13)
  4 hell hounds (Lair:6)
  10 water moccasins
  8 porcupines
  2 orc warriors
  4 ice beasts (D:13)
  5 ogres
  An eye of draining (D:13)
  3 wolves (Lair:3)
  10 crocodiles
  A big kobold (D:11)
  13 bullfrogs
  3 wights (D:13)
  2 lava snakes (Lair:6)
  2 crimson imps
  A bullfrog zombie (D:13)
  An orc priest (D:10)
  A jelly (D:13)
  A bullfrog skeleton (D:11)
  3 iguanas
  5 worker ants
  A gnoll (D:11)
  A white imp (D:13)
  5 orcs
  4 jackals (D:11)
  A kobold (D:11)
  A quokka (D:12)
  A butterfly (Lair:3)
  4 fungi
  3 plants
231 creatures vanquished.

Vanquished Creatures (others)
  An orc warrior (D:10)
  An orc priest (D:10)
  4 orc wizards
  16 orcs
  A quokka (D:5)
  A fungus (Lair:3)
  16 plants
40 creatures vanquished.

Grand Total: 590 creatures vanquished
